 Dungeon Crawl Stone Soup version 0.31-a0-819-gf6de2f5ab6 (webtiles) character file.

Game seed: 16759877625605530769

1234 CowFu the Spear-Bearer (level 8, -1/41 HPs)
             Began as a Tengu Air Elementalist on Sept 23, 2023.
             Slain by an orc warrior
             ... wielding a +0 war axe
              (15 damage)
             ... in a bailey.
             The game lasted 00:05:27 (3306 turns).

CowFu the Spear-Bearer (Tengu Air Elementalist)     Turns: 3306, Time: 00:05:28

Health: -1/41      AC:  8    Str: 12    XL:     8   Next: 48%
Magic:  12/12      EV: 15    Int: 15    God:
Gold:   256        SH:  0    Dex: 14    Spells: 10/11 levels left

rFire   + . .        l - +8 trident of Bailul {speed, +Blink rF+ rN+++ Will-}
rCold   + . .        (no shield)
rNeg    + + +        f - +3 ring mail
rPois   .            (helmet restricted)
rElec   .            (no cloak)
rCorr   .            (no gloves)
SInv    .            (boots unavailable)
Will    .....        (no amulet)
Stlth   +            c - ring of protection from cold
HPRegen 0.26/turn    (no ring)
MPRegen 0.13/turn

%: acrobat
@: flying
A: beak, talons 3, evasive flight, acrobatic
a: Evoke Blink


You were in a bailey.
You visited 1 branch of the dungeon, and saw 7 of its levels.
You also visited: Sewer and Bailey.

You collected 278 gold pieces.
You spent 22 gold pieces at shops.

Inventory:

Hand Weapons
 d - a +1 dagger
 l - the +8 trident of Bailul (weapon) {speed, +Blink rF+ rN+++ Will-}
   (You found it on level 2 of the Dungeon)

   rF+:       It protects you from fire.
   rN+++:     It renders you almost immune to negative energy.
   Will-:     It decreases your willpower.
   +Blink:    It lets you blink.
Armour
 f - a +3 ring mail (worn)
Jewellery
 c - a ring of protection from cold (left hand)
 A - an amulet of faith
Scrolls
 j - a scroll of enchant armour {unknown}
 o - 2 scrolls of fog {unknown}
 p - 5 scrolls of identify
 q - a scroll of poison {unknown}
 r - a scroll of revelation {unknown}
 t - a scroll of teleportation {unknown}
 u - a scroll of immolation {unknown}
 v - a scroll of blinking {unknown}
 w - 2 scrolls of amnesia {unknown}
 y - a scroll of vulnerability {unknown}
Potions
 a - a potion of haste {unknown}
 b - 2 potions of magic
 e - 2 potions of lignification
 g - a potion of resistance
 h - 3 potions of curing
 i - a potion of mutation {unknown}
 k - a potion of brilliance {unknown}
 m - 2 potions of enlightenment {unknown}
 n - a potion of heal wounds {unknown}
 s - 2 potions of might {unknown}
 x - a potion of ambrosia {unknown}
 z - a potion of degeneration {unknown}


   Skills:
 + Level 10.5 Polearms
 - Level 2.1 Dodging
 - Level 2.0 Stealth
 - Level 2.0 Spellcasting
 - Level 2.4 Conjurations
 - Level 4.5 Air Magic


You had 10 spell levels left.
You knew the following spells:

 Your Spells              Type           Power      Damage    Failure   Level
a - Shock                 Conj/Air       48%        1d6       12%         1

Your spell library contained the following spells:

 Spells                   Type           Power      Damage    Failure   Level
 Static Discharge         Conj/Air       24%        2-3/arc   19%         2
 Swiftness                Air            15%        N/A       24%         3
 Poisonous Vapours        Pois/Air       16%        N/A       30%         2
 Apportation              Tloc           2%         N/A       45%         1
 Necrotise                Necr           4%         1d4       45%         1
 Summon Small Mammal      Summ           4%         N/A       45%         1
 Mephitic Cloud           Conj/Pois/Air  8%         N/A       50%         3
 Jinxbite                 Hex            2%         N/A       58%         2
 Airstrike                Air            7%         2d(2-18)  61%         4
 Call Canine Familiar     Summ           1%         N/A       83%         3
 Summon Guardian Golem    Hex/Summ       1%         N/A       83%         3
 Vampiric Draining        Necr           1%         2d6       83%         3
 Freezing Cloud           Conj/Ice/Air   4%         6-21      99%         5
 Agony                    Necr           1%         N/A       100%        5
 Alistair's Intoxication  Tmut/Pois      0%         N/A       100%        5


Dungeon Overview and Level Annotations

Branches:
Dungeon (7/15)              Sewer (visited)          Bailey (1/1)
 Temple: D:4-7

Altars:
Elyvilon
Hepliaklqana
Okawaru
Vehumet
Wu Jian
Yredelemnul

Shops:
D:1 *

Annotations:
D:6 Grinder


Innate Abilities, Weirdness & Mutations

You have a beak for a mouth.
You have claws for feet.
Your magical flight helps you evade attacks. (EV +4)
You can magically evade attacks while moving or waiting.


Message History

The kobold brigand is moderately wounded.
The kobold throws a boomerang.
The boomerang hits you.
You are too injured to fight recklessly!
You are too injured to fight recklessly!
You are too injured to fight recklessly!
You are too injured to fight recklessly!
You hit the kobold brigand.
The kobold brigand is moderately wounded.
The kobold brigand completely misses you.
You hit the kobold brigand. Your kick misses the kobold brigand.
Your peck misses the kobold brigand.
The kobold brigand is heavily wounded.
The orc warrior hits you with a +0 war axe.
You puncture the kobold brigand!
You kill the kobold brigand!
You closely miss the orc warrior. Your punch misses the orc warrior.
The kobold throws a boomerang.
The boomerang misses you.
You puncture the orc warrior!
You claw the orc warrior, but do no damage.
Your peck misses the orc warrior.
The orc warrior is heavily wounded.
The orc warrior closely misses you.
You barely miss the orc warrior.
You claw the orc warrior, but do no damage.
The orc warrior is heavily wounded.
The kobold throws a boomerang.
The boomerang closely misses you. The orc warrior misses you.
You hit the orc warrior.
You claw the orc warrior, but do no damage.
The orc warrior is heavily wounded.
You hit the orc warrior.
You claw the orc warrior, but do no damage.
The orc warrior is severely wounded.
The kobold throws a boomerang.
The boomerang misses you.
You barely miss the orc warrior.
You claw the orc warrior, but do no damage.
You peck the orc warrior, but do no damage.
The orc warrior is severely wounded.
The orc warrior hits you with a +0 war axe!
You die...

#.......#
##..∩..## ##'((##
#..)# #...# #(.)#
####...####
##~.......~##
#~~..@....~~#
...~~.o)....~~...
###~~.......~~###
...~~.......~~..
###~~K......~~###
..~~.......~~.
###~~.......~~#
.~~.......~~.


You could see an orc warrior and a kobold.

Vanquished Creatures
  A water moccasin (D:3)
  A black bear (D:5)
  An ogre (D:3)
  A phantom (D:5)
  3 kobold brigands (Bailey)
  A bullfrog (D:7)
  2 scorpions (D:5)
  A jelly (D:7)
  4 hounds
  2 iguanas
  Terence (D:2)
  A hell rat (Sewer)
  10 adders
  3 river rats (D:5)
  A white imp (D:6)
  An ufetubus (D:5)
  2 worms (D:5)
  5 dart slugs
  6 orcs
  3 bats
  5 endoplasms
  6 giant cockroaches
  11 goblins
  6 hobgoblins
  2 quokkas (D:1)
  9 ball pythons
  3 frilled lizards
  14 kobolds
  14 rats
120 creatures vanquished.

Notes
Turn   | Place    | Note
-------+----------+-------------------------------------------
     0 | D:1      | CowFu the Tengu Air Elementalist began the quest for the
                  | Orb.
     0 | D:1      | Reached XP level 1. HP: 10/10 MP: 4/4
   277 | D:1      | Found Sathrol's General Store.
   318 | D:1      | Bought a scroll of identify for 22 gold pieces
   594 | D:1      | Reached XP level 2. HP: 15/15 MP: 1/6
   831 | D:2      | Identified the +8 trident of Bailul {speed, +Blink rF+
                  | rN+++ Will-}
   922 | D:2      | Reached skill level 1 in Polearms
   922 | D:2      | Reached XP level 3. HP: 8/19 MP: 7/7
   929 | D:2      | Reached skill level 2 in Polearms
  1181 | D:2      | Reached XP level 4. HP: 24/24 MP: 8/8
  1229 | D:2      | Reached skill level 3 in Polearms
  1260 | D:2      | Found a white marble altar of Elyvilon.
  1261 | D:2      | Noticed Terence
  1270 | D:2      | Killed Terence
  1293 | D:2      | Reached skill level 4 in Polearms
  1527 | D:3      | Reached XP level 5. HP: 28/28 MP: 9/9
  1542 | D:3      | You fall into a shaft and drop 3 floors!
  1580 | D:6      | Reached skill level 5 in Polearms
  1649 | D:6      | Found a basalt altar of Yredelemnul.
  1674 | D:5      | Entered Level 5 of the Dungeon
  1687 | D:5      | Reached XP level 6. HP: 32/32 MP: 10/10
  1707 | D:5      | Reached skill level 6 in Polearms
  1733 | D:5      | Noticed a black bear
  1742 | D:5      | Killed a black bear
  1743 | D:5      | Reached skill level 7 in Polearms
  1743 | D:5      | Gained mutation: Your magical flight helps you evade
                  | attacks. (EV +4) [Tengu growth]
  1743 | D:5      | Reached XP level 7. HP: 33/36 MP: 11/11
  1908 | D:5      | Found a glowing drain.
  1910 | D:5      | Reached skill level 8 in Polearms
  1915 | Sewer    | Entered a sewer
  2071 | D:5      | Found an ornate altar of the Wu Jian Council.
  2071 | D:5      | Found an iron altar of Okawaru.
  2071 | D:5      | Found a hazy altar of Hepliaklqana.
  2186 | D:4      | Identified the +1 long sword "Xyoza" {flame, rElec rC+}
  2558 | D:3      | Found a radiant altar of Vehumet.
  2609 | D:3      | Reached skill level 9 in Polearms
  2609 | D:3      | Reached XP level 8. HP: 33/41 MP: 12/12
  3142 | D:6      | Noticed Grinder
  3142 | D:6      | Paralysed by Grinder for 5 turns
  3199 | D:7      | Found a flagged portal.
  3206 | Bailey   | Entered a bailey
  3257 | Bailey   | Reached skill level 10 in Polearms
  3306 | Bailey   | Slain by an orc warrior

Illustrated notes

Levels and vault maps discovered:
D:1:      mrwooster_arrival_arrow, layout_basic, serial_shops,
          nicolae_shop_waterfront, minmay_misc_feat_doors
D:2:      layout_loops_ring, basic_altar, uniq_terence
D:3:      layout_rooms, lemuel_crystal_altar, hex_large,
          nicolae_concentric_dashed_squares_wild,
          minmay_randomly_rotated_circles
D:4:      layout_rooms
D:5:      layout_rooms, chequers_temple_overflow_statue_of_worship,
          portal_sewer_entry_e
D:6:      layout_rooms, mainiacjoe_overflow_catwalk,
          minmay_temple_entry_from_below_b, uniq_crazy_yiuf_cottage,
          uniq_grinder, uniq_jeremiah, uniq_maggie, uniq_pikel
D:7:      layout_rooms, enter_bailey_3, kennysheep_minor_cross
Bailey:   bailey_axe_3, bailey

Skill      XL: |  1  2  3  4  5  6  7  8 |
---------------+-------------------------+-----
Conjurations   | 2 |  2.4
Polearms       | 1 2 4 5 7 9 10 | 10.5
Dodging        | |  2.1
Stealth        | |  2.0
Spellcasting   | |  2.0
Air Magic      | |  4.5

Action                     |  1- 3 |  4- 6 |  7- 9 || total
---------------------------+-------+-------+-------++-------
  Melee: Unarmed           |     3 |       |       ||     3
         Kick              |     3 |     8 |    36 ||    47
         Trident           |    31 |    54 |   154 ||   239
         Dagger            |     4 |       |       ||     4
         Peck              |     2 |     5 |    19 ||    26
         Punch             |       |     1 |       ||     1
   Cast: Shock             |    20 |       |     1 ||    21
    Use: Scroll            |     2 |     1 |       ||     3
         Potion            |     1 |       |       ||     1
   Stab: Sleeping          |     2 |     2 |     4 ||     8
 Armour: Robe              |    24 |       |       ||    24
         Ring mail         |     1 |    18 |    41 ||    60
  Dodge: Dodged            |    20 |    16 |    64 ||   100

Table legend: (Time is in decaauts)
 A = Elapsed time spent in this place.
 B = Non-inter-level travel time spent in this place.
 C = Inter-level travel time spent in this place.
 D = Time resting spent in this place.
 E = Time spent auto-exploring this place.
 F = Levels seen in this place.
 G = Mean time per level.
                   A        B        C        D        E       F      G
               +--------+--------+--------+--------+--------+-----+--------+
         Total |   3225 |   3094 |    131 |      0 |   2341 |   9 |  358.3 |
       Dungeon |   3051 |   2920 |    131 |      0 |   2249 |   7 |  435.9 |
         Sewer |     82 |     82 |      0 |      0 |     47 |   1 |   82.0 |
        Bailey |     91 |     91 |      0 |      0 |     45 |   1 |   91.0 |
               +--------+--------+--------+--------+--------+-----+--------+

Top non-repeatable levels by time:
     D:1: 827 daAuts
     D:2: 686 daAuts
     D:3: 558 daAuts
     D:4: 426 daAuts
     D:5: 367 daAuts
     D:6: 136 daAuts
  Bailey: 91 daAuts
   Sewer: 82 daAuts
     D:7: 49 daAuts
